cohdb
Replays
Latest Replays
All Replays
Popular Replays
Top Player Replays
Match Explorer
How It Works
Community
CoH3 Stats
Reddit
Sign in to upload your games and track your stats! →
Sign in with Steam
Match 40678699
Unlisted
Match 40678699
Overview
Messages
Build Orders
End
Construct Barracks
Selects Armored Battlegroup
Riflemen Squad
1⁄4-ton 4x4 Truck
Riflemen Squad
Construct Weapon Support Center
M1919 Machine Gun Team
Improved M9 Bazooka Rockets
Grenade Package
Bazooka Squad
Construct Medical Station
Air Support Center
Selects Veteran Crews
Selects Field Repairs
Engineer Squad
Construct Motor Pool
Riflemen Squad
M24 Chaffee Light Tank
Selects War Machine
Construct Tank Depot
P-47 Strafing Run
Riflemen Squad
Riflemen Squad
Selects Strength in Steel
M4A1 Sherman Medium Tank
P-47 Dive Bomb
P-47 Strafing Run
Engineer Squad
Ollieves
vonAJ
vanwarg
Larko
R1MON
Hurricane
Hunter
VeryViral
0
0
Comments
sign in to comment!
No comments posted yet!